Map: World of Sleepers LE

Players

IlllIlIlIIIl

  • Race: Terran Terran
  • League: Diamond
  • Spawn Location: 1:00

FLORENCIO - Winner!

  • Race: Protoss Protoss
  • League: Diamond
  • Spawn Location: 7:00

VOD

Have the link to the VOD?

Description

Time

  • Played on: Nov. 26, 2019, 10:23 p.m.
  • Length: 7:49
Show
View Real Time Build Order
Export as new Build Order

IlllIlIlIIIl Terran 

Build Orders:  

Get SALT Encoding   

  12  0:00  SCV  
  13  0:13  SCV  
  14  0:17  Supply Depot  
  14  0:25  SCV  
  15  0:29  Refinery  
  15  0:39  SCV  
  16  0:45  Barracks  
  16  0:51  SCV  
  17  1:03  SCV  
  18  1:16  SCV  
  19  1:34  Orbital Command  
  19  1:45  Barracks Reactor  
  19  1:51  Command Center  
  19  2:00  Factory  
  19  2:08  Bunker  
  19  2:19  Supply Depot  
  19  2:22  Marine x2  
  21  2:30  Engineering Bay  
  21  2:36  SCV  
  22  2:44  Marine x2  
  23  2:45  Factory Tech Lab  
  24  2:52  SCV  
  25  3:04  Orbital Command, SCV  
  26  3:10  Cyclone  
  29  3:19  SCV  
  30  3:20  Marine x2  
  32  3:31  SCV x2  
  34  3:36  Refinery  
  34  3:39  Marine x2  
  34  3:40  Bunker  
  35  3:57  Marine x2  
  37  4:08  SCV  
  36  4:20  Siege Tank  
  36  4:21  SCV  
  36  4:23  Starport  
  37  4:43  Marine x2  
  37  4:44  SCV  
  37  4:52  Siege Tank  
  32  5:09  SCV x2  
  23  5:28  SCV  
  23  5:29  SCV  
  21  5:37  Siege Tank  
  21  5:40  SCV  
  21  5:42  SCV  
  25  5:52  SCV  
  25  5:54  SCV  
  24  6:01  Marine  
  24  6:02  Marine  
  23  6:04  SCV  
  23  6:06  SCV  
  19  6:17  SCV  
  19  6:18  SCV  
  21  6:19  Marine  
  21  6:20  Marine  
  23  6:29  SCV  
  23  6:30  SCV  
  24  6:37  Marine x2  
  26  6:41  SCV  
  26  6:42  SCV  
  28  6:53  SCV  
  29  6:54  SCV  
  26  7:06  SCV  
  23  7:13  SCV  
  20  7:16  Marine x2  
  20  7:18  SCV  
Show
View Real Time Build Order
Export as new Build Order

FLORENCIO Protoss - Winner!

Build Orders:  

Get SALT Encoding   

  12  0:03  Probe  
  13  0:15  Probe  
  14  0:25  Pylon  
  14  0:27  Probe  
  15  0:45  Probe (Chrono Boost)  
  15  0:47  Assimilator  
  15  0:49  Gateway  
  16  0:51  Probe (Chrono Boost)  
  17  0:59  Probe  
  17  1:03  Pylon  
  18  1:11  Probe  
  19  1:37  Cybernetics Core  
  19  1:41  Gateway  
  19  1:57  Nexus  
  19  2:07  Warp Gate (Chrono Boost)  
  19  2:14  Pylon  
  19  2:21  Adept  
  21  2:24  Gateway  
  20  2:31  Adept  
  22  2:40  Pylon  
  22  2:46  Probe (Chrono Boost)  
  23  2:53  Adept  
  23  2:55  Probe (Chrono Boost)  
  26  3:01  Shield Battery  
  26  3:06  Adept  
  28  3:14  Probe  
  28  3:16  Probe  
  30  3:24  Shield Battery  
  30  3:29  Pylon  
  30  3:38  Gateway  
  30  3:49  Shield Battery  
  24  4:10  Stalker  
  24  4:11  Stalker x2  
  30  4:31  Shield Battery  
  30  4:43  Stalker x3  
  36  4:56  Shield Battery  
  28  5:37  Stalker  
  28  5:39  Pylon  
  30  5:46  Pylon  
  30  6:08  Stalker x3  
  30  6:09  Stalker  
  36  6:31  Adept x2  
  36  6:32  Adept x2  
  34  6:59  Stalker x2  
  34  7:10  Zealot x2  
Tags
 
Add a new tag
Caveats
  • Supply blocks, unpowered buildings, or Contaminate may cause inaccurate times.
  • Supply counts are checked every 10 seconds.